 Dungeon Crawl Stone Soup version 0.31-a0-1202-ga8fea8b373 (webtiles) character file.

Game seed: 18446656434562722223

134 kae the Sneak (level 4, -13/32 HPs)
             Began as a Demonspawn Enchanter on Dec 12, 2023.
             Mangled by an ogre
             ... wielding a +0 giant club
              (22 damage)
             ... on level 4 of the Dungeon.
             The game lasted 00:02:29 (2860 turns).

kae the Sneak (Demonspawn Enchanter)                Turns: 2860, Time: 00:02:29

Health: -13/32     AC:  3    Str:  8    XL:     4   Next: 95%
Magic:  3/7        EV: 12    Int: 17    God:
Gold:   130        SH:  0    Dex: 16    Spells: 2/7 levels left

rFire   . . .        a - +3 dagger
rCold   . . .        (no shield)
rNeg    . . .        b - +1 robe
rPois   .            (no helmet)
rElec   .            (no cloak)
rCorr   .            (no gloves)
SInv    .            (no boots)
Will    .....        (no amulet)
Stlth   +++          (no ring)
HPRegen 0.25/turn    (no ring)
MPRegen 0.10/turn

%: no passive effects
@: no status effects
A: hooves 2, big brain 1
a: no special abilities


You were on level 4 of the Dungeon.
You visited 1 branch of the dungeon, and saw 4 of its levels.

You collected 130 gold pieces.


Innate Abilities, Weirdness & Mutations

You have hoof-like feet.
You have an unusually large brain. (Int +2)


   Skills:
 + Level 1.3 Fighting
 * Level 2.2 Short Blades
 - Level 1.7 Dodging
 * Level 3.6 Stealth
 + Level 2.4 Spellcasting
 + Level 3.4 Hexes
 + Level 1.0 Ice Magic


You had 2 spell levels left.
You knew the following spells:

 Your Spells              Type           Power      Damage    Failure   Level
a - Ensorcelled Hibernat  Hex/Ice        18%        N/A       11%         2
b - Confusing Touch       Hex            13%        N/A       14%         3

Your spell library contained the following spells:

 Spells                   Type           Power      Damage    Failure   Level
 Slow                     Hex            52%        N/A       4%          1
 Jinxbite                 Hex            26%        N/A       7%          2
 Wereblood                Tmut           2%         N/A       28%         2
 Sigil of Binding         Hex            13%        N/A       14%         3
 Tukima's Dance           Hex            13%        N/A       14%         3
 Dazzling Flash           Conj/Hex       14%        N/A       28%         3
 Vampiric Draining        Necr           2%         2d6       50%         3
 Anguish                  Hex/Necr       3%         N/A       67%         4
 Passage of Golubria      Tloc           2%         N/A       88%         4
 Yara's Violent Unravell  Hex/Tmut       3%         3d4       95%         5
 Irradiate                Conj/Tmut      1%         3d12      99%         5

Inventory:

Hand Weapons
 a - a +3 dagger (weapon)
Missiles
 i - 31 stones
 l - 6 poisoned darts
 r - a throwing net {=f!f}
Armour
 b - a +1 robe (worn)
Wands
 o - a wand of mindburst (16)
   (You found it on level 2 of the Dungeon)
Scrolls
 e - 2 scrolls of poison {!r}
 f - a scroll of teleportation {@r4}
Potions
 c - 2 potions of invisibility
 g - 2 potions of attraction {unknown}
 h - a potion of berserk rage {unknown}
 j - 2 potions of heal wounds {unknown}
 k - a potion of curing {unknown}
 m - a potion of degeneration {!q}
 n - 3 potions of brilliance {unknown}

Dungeon Overview and Level Annotations

Branches:
Dungeon (4/15) Zot: 21153
 Temple: D:4-7

Altars:
Sif Muna
Trog
Yredelemnul

Shops:
D:1

= ##########
#...@O...#
#.######..+
#.# #.#
########.###
...........#
########.#.#
#......#.#.#
##.#.#.#


You could see an ogre.


Message History

Done exploring.
No target in view!
No target in view!
Done exploring.
No target in view!
No target in view!
Done exploring.
The air fills with toxic fumes!
As you read the scroll labelled LEOTHR TUIR, it crumbles to dust.
It was a scroll of poison.
Unknown command.
As you read the scroll labelled FUERHUIJIA, it crumbles to dust.
You feel strangely unstable.
It was a scroll of teleportation.
You start waiting.
Your surroundings suddenly seem different.
As you read the scroll labelled XUODUN OPIME, it crumbles to dust.
It is a scroll of enchant armour.
Your +0 robe glows green for a moment.
As you read the scroll labelled ZILEEF TYOJARA, it crumbles to dust.
Wisps of shadow whirl around you...
It was a scroll of summoning.
Unknown command.
As you read the scroll labelled ZUIDUCS DIPU, it crumbles to dust.
It is a scroll of enchant weapon.
Your +1 dagger glows red for a moment.
Okay, then.
As you read the scroll of enchant weapon, it crumbles to dust.
Your +2 dagger glows red for a moment.
Okay, then.
Done exploring.
Done exploring.
There is a stone staircase leading up here.
There is a stone staircase leading down here.
You climb downwards.
Your summoned allies are left behind.
The hobgoblin shouts!
You hear a shout!
There is a stone staircase leading up here.
A hobgoblin is nearby!
Okay, then.
Okay, then.
A hobgoblin comes into view.
You hit the hobgoblin. You hit the hobgoblin but do no damage.
Your kick misses the hobgoblin. The hobgoblin hits you. 😕 HP[-2]
You take 2 damage, and now have 30/32 hp.
You closely miss the hobgoblin. You kick the hobgoblin.
You kill the hobgoblin! 😕 HP[+1]
The hobgoblin hits you.
You hit the hobgoblin. You kick the hobgoblin.
You kill the hobgoblin! 😕 HP[-2]
You take 2 damage, and now have 29/32 hp.
No target in view!
No target in view!
No target in view!
No target in view!
Okay, then.
There is a stone staircase leading up here.
An ogre comes into view. It is wielding a +0 giant club.
The ogre shouts! 😎 HP[+3]
Your hp is fully restored (32).
An ogre is nearby!
An ogre is nearby!
The ogre hits you with a +0 giant club!!
Ouch! That really hurt!
* * * LOW HITPOINT WARNING * * *
You are too injured to fight recklessly! 😨 HP[-22]
You take 22 damage, and now have 10/32 hp.
MASSIVE DAMAGE!! (PAUSE)
Casting: Ensorcelled Hibernation (safe; 11% risk of failure)
Confirm with . or Enter, or press ? or * to list all spells.
Aiming: Ensorcelled Hibernation (safe; 11% risk of failure)
Press: ? - help, Shift-Dir - straight line, f - ogre
Aim: an ogre, wielding a +0 giant club (chance to affect: 43%)
The ogre resists with some effort.
The ogre hits you with a +0 giant club.
* * * LOW HITPOINT WARNING * * *
😨 HP[-1] MP[-2]
You take 1 damage, and now have 9/32 hp.
You lost 2 mp, and now have 5/7 mp.
Unknown command.
Casting: Ensorcelled Hibernation (safe; 11% risk of failure)
Confirm with . or Enter, or press ? or * to list all spells.
Aiming: Ensorcelled Hibernation (safe; 11% risk of failure)
Press: ? - help, Shift-Dir - straight line, f/p - ogre
Aim: an ogre, wielding a +0 giant club (chance to affect: 43%)
The ogre looks drowsy... 😨 MP[-2]
You lost 2 mp, and now have 3/7 mp.
Unknown command.
Casting: Ensorcelled Hibernation (safe; 11% risk of failure)
Confirm with . or Enter, or press ? or * to list all spells.
You can't see any susceptible monsters within range! (Use Z to cast anyway.)
The helpless ogre fails to defend itself.
You impale the ogre!! You kick the ogre.
The ogre hits you with a +0 giant club!!
Ouch! That really hurt!
You die...

Skill      XL: |  1  2  3  4 |
---------------+-------------+-----
Short Blades   | 1 2 |  2.2
Stealth        | 3 |  3.6
Fighting       | 1 |  1.3
Ice Magic      | 1 |  1.0
Dodging        | |  1.7
Spellcasting   | |  2.4
Hexes          | |  3.4

Action                     |  1- 3 |  4- 6 || total
---------------------------+-------+-------++-------
  Melee: Dagger            |    98 |    69 ||   167
         Kick              |    13 |    18 ||    31
   Cast: Ensorcelled Hiber |     7 |     5 ||    12
    Use: Scroll            |       |     7 ||     7
   Stab: Sleeping          |    10 |    10 ||    20
 Armour: Robe              |    47 |    26 ||    73
  Dodge: Dodged            |    66 |    35 ||   101

Levels and vault maps discovered:
D:1:      mushboom_english_gardens, layout_loops_ring, serial_shops,
          nicolae_shop_gaudy_bauble, minivault_25
D:2:      layout_basic, uniq_terence
D:3:      layout_loops_cross, hellmonk_overflow_destroyed_library,
          mainiacjoe_overflow_catwalk, minmay_misc_feat_diagonals,
          eino_tiny_chamber, minmay_stone_trees_small, minmay_close_crescents
D:4:      layout_basic, gammafunk_temple_overflow_wave, temple_hall,
          uniq_eustachio

Notes
Turn   | Place    | Note
-------+----------+-------------------------------------------
     0 | D:1      | kae the Demonspawn Enchanter began the quest for the Orb.
     0 | D:1      | Reached XP level 1. HP: 13/13 MP: 3/3
     0 | D:1      | magus.rc [v1.11.3]
   101 | D:1      | Reached skill level 1 in Short Blades
   172 | D:1      | Gained mutation: You have large cloven feet. [demonic
                  | ancestry]
   172 | D:1      | Reached XP level 2. HP: 20/20 MP: 5/5
   175 | D:1      | Learned a level 2 spell: Ensorcelled Hibernation
   233 | D:1      | Found Tayd's Jewellery Boutique.
   277 | D:1      | Reached skill level 3 in Stealth
   405 | D:1      | You pick up a book of Changes and begin reading...
   405 | D:1      | You add the spells Wereblood and Irradiate to your library.
   816 | D:2      | You add the spells Passage of Golubria and Yara's Violent
                  | Unravelling to your library.
   870 | D:2      | Gained mutation: You have an unusually large brain. (Int
                  | +2) [demonic ancestry]
   870 | D:2      | Reached XP level 3. HP: 20/25 MP: 6/6
   892 | D:2      | Noticed Terence
   899 | D:2      | Learned a level 3 spell: Confusing Touch
   905 | D:2      | Killed Terence
   959 | D:2      | You pick up a book of Dreams and begin reading...
   959 | D:2      | You add the spells Jinxbite and Anguish to your library.
   989 | D:2      | Reached skill level 1 in Fighting
  1257 | D:2      | Reached skill level 2 in Short Blades
  1257 | D:2      | Gained mutation: You have hoof-like feet. [demonic
                  | ancestry]
  1257 | D:2      | Reached XP level 4. HP: 24/32 MP: 4/7
  2243 | D:3      | Found a shimmering blue altar of Sif Muna.
  2249 | D:3      | Found a bloodstained altar of Trog.
  2251 | D:3      | You pick up a book of Debilitation and begin reading...
  2251 | D:3      | You add the spells Slow, Sigil of Binding and Vampiric
                  | Draining to your library.
  2360 | D:3      | Reached skill level 1 in Ice Magic
  2439 | D:3      | Found a basalt altar of Yredelemnul.
  2854 | D:4      | Noticed an ogre
  2860 | D:4      | Mangled by an ogre

Vanquished Creatures
  Terence (D:2)
  5 adders
  A worm (D:3)
  2 dart slugs
  An orc (D:3)
  7 ball pythons
  2 endoplasms
  3 giant cockroaches
  7 goblins
  9 hobgoblins
  A kobold (D:1)
  A quokka (D:3)
  7 bats
  4 frilled lizards
  4 rats
55 creatures vanquished.

Table legend:
 A = Non-vault XP
 B = Vault XP
 C = Vault XP percentage of total XP
 D = Non-vault monster count
 E = Vault monster count
 F = Vault count percentage of total count
                 A         B        C        D         E       F
            +---------+---------+-------+---------+---------+-------
      Total |     153 |      39 |  20.3 |      52 |       3 |   5.5
            +---------+---------+-------+---------+---------+-------
        D:1 |      37 |       0 |   0.0 |      20 |       0 |   0.0
        D:2 |      76 |      36 |  32.1 |      17 |       1 |   5.6
        D:3 |      36 |       3 |   7.7 |      13 |       2 |  13.3
        D:4 |       4 |       0 |   0.0 |       2 |       0 |   0.0
            +---------+---------+-------+---------+---------+-------

Skill      XL: |  1  2  3  4 |
---------------+-------------+-----
Short Blades   | 1 2 |  2.2
Stealth        | 3 |  3.6
Fighting       | 1 |  1.3
Ice Magic      | 1 |  1.0
Dodging        | |  1.7
Spellcasting   | |  2.4
Hexes          | |  3.4

Action                     |  1- 3 |  4- 6 || total
---------------------------+-------+-------++-------
  Melee: Dagger            |    98 |    69 ||   167
         Kick              |    13 |    18 ||    31
   Cast: Ensorcelled Hiber |     7 |     5 ||    12
    Use: Scroll            |       |     7 ||     7
   Stab: Sleeping          |    10 |    10 ||    20
 Armour: Robe              |    47 |    26 ||    73
  Dodge: Dodged            |    66 |    35 ||   101

Illustrated notes

Table legend:
 A = Kills in this place as a percentage of kills in the entire game.
 B = Kills by you in this place as a percentage of kills by you in the entire game.
 C = Kills by friends in this place as a percentage of kills by friends in the entire game.
 D = Other kills in this place as a percentage of other kills in the entire game.
 E = Experience gained in this place as a percentage of experience gained in the entire game.
 F = Experience gained in this place divided by the number of levels of this place that you have seen.
                   A       B       C       D       E      F
               +-------+-------+-------+-------+-------+----------------------
         Total | 100.0 | 100.0 |   N/A |   N/A | 100.0 |  48.0
       Dungeon | 100.0 | 100.0 |   N/A |   N/A | 100.0 |  48.0
               +-------+-------+-------+-------+-------+----------------------

Table legend: (Time is in decaauts)
 A = Elapsed time spent in this place.
 B = Non-inter-level travel time spent in this place.
 C = Inter-level travel time spent in this place.
 D = Time resting spent in this place.
 E = Time spent auto-exploring this place.
 F = Levels seen in this place.
 G = Mean time per level.
                   A        B        C        D        E       F      G
               +--------+--------+--------+--------+--------+-----+--------+
         Total |   2845 |   2787 |     58 |     15 |   2341 |   4 |  711.2 |
       Dungeon |   2845 |   2787 |     58 |     15 |   2341 |   4 |  711.2 |
               +--------+--------+--------+--------+--------+-----+--------+

Top non-repeatable levels by time:
     D:2: 1315 daAuts
     D:1: 747 daAuts
     D:3: 743 daAuts
     D:4: 39 daAuts
